 Dungeon Crawl Stone Soup version 0.31-a0-1237-gabc64e778c (webtiles) character file.

Game seed: 4725963743921920521

90384 Inarius the Wrestler (level 15, 0/133 HPs)
             Began as a Troll Chaos Knight on Dec 15, 2023.
             Was a Plaything of Xom.
             Slain by a ten-headed hydra (13 damage)
             ... on level 14 of the Dungeon.
             The game lasted 00:40:48 (19377 turns).

Inarius the Wrestler (Troll Chaos Knight)          Turns: 19377, Time: 00:40:49

Health: 0/133      AC:  9    Str: 28    XL:     15   Next: 52%
Magic:  14/14      EV: 16    Int:  8    God:    Xom [..*...]
Gold:   1636       SH:  5    Dex:  9    Spells: 14/14 levels left

rFire   . .          .
                       - Unarmed
rCold   . . .        (no shield)
rNeg    . . .        h - +0 troll leather armour
rPois   +            T - melded +2 hat "Xequner" {rCorr MP+9 Int+2}
rElec   .            i - melded +0 cloak
rCorr   .            (gloves unavailable)
SInv    +            (boots unavailable)
Will    +....        W - amulet of reflection
Stlth   +++          G - +4 ring of protection
HPRegen 2.02/turn    F - +5 ring of evasion
MPRegen 0.14/turn

%: reflection
@: beast-form
A: beast (slay +4), large, unfitting armour, claws 3, regeneration 1, shaggy fur
1, tough skin 1, see invisible, poison resistance, weak 1, sturdy frame 1, noise
suppression
a: Begin Untransformation, Renounce Religion


You were on level 14 of the Dungeon.
You worshipped Xom.
You were a toy of Xom.
You were a hulking beast.
You visited 3 branches of the dungeon, and saw 21 of its levels.
You also visited: Ossuary and Bailey.

You collected 2389 gold pieces.
You spent 753 gold pieces at shops.

Inventory:

Armour
 h - a +0 troll leather armour (worn)
 i - a +0 cloak (melded)
 T - the +2 hat "Xequner" (melded) {rCorr MP+9 Int+2}
   (You acquired it on level 10 of the Dungeon)

   Int+2:     It affects your intelligence (+2).
   MP+9:      It affects your magic capacity (+9).
   rCorr:     It protects you from acid and corrosion.
 Z - +0 acid dragon scales
Jewellery
 a - a +6 ring of dexterity
 d - a ring of poison resistance
 k - a +6 ring of strength
 l - a ring of protection from cold
 y - a ring of protection from fire
 B - a +4 ring of slaying
 F - a +5 ring of evasion (right claw)
 G - a +4 ring of protection (left claw)
 J - the ring "Bobbogiu" {+Blink rF- Will++ Dex+3 SInv}
   (You bought it in a shop on level 2 of the Orcish Mines)

   [ring of see invisible]

   Dex+3:     It affects your dexterity (+3).
   rF-:       It makes you vulnerable to fire.
   Will++:    It greatly increases your willpower.
   SInv:      It lets you see invisible.
   +Blink:    It lets you blink.
 O - a ring of see invisible
 P - a ring of willpower
 S - a ring of protection from fire
 W - an amulet of reflection (around neck)
Talismans
 E - a beast talisman (active)
 Q - a serpent talisman
 R - a talisman of death
 X - a maw talisman
Wands
 f - a wand of paralysis (3)
 q - a wand of flame (40)
 H - a wand of acid (1)
 L - a wand of digging (2)
Scrolls
 b - a scroll of butterflies
 e - 2 scrolls of fear
 g - a scroll of fog
 p - 10 scrolls of noise
 s - 3 scrolls of silence
 t - 3 scrolls of poison
 z - 8 scrolls of teleportation
 A - a scroll of revelation
 C - a scroll of brand weapon
 I - 4 scrolls of torment
 K - a scroll of blinking
 U - a scroll of immolation
 V - 2 scrolls of enchant armour
 Y - a scroll of identify
Potions
 c - 4 potions of heal wounds
 j - 2 potions of brilliance
 m - 3 potions of haste
 n - 4 potions of lignification
 o - 3 potions of might
 r - 3 potions of mutation
 u - a potion of berserk rage
 v - 3 potions of attraction
 w - a potion of cancellation
 x - 11 potions of curing
 D - 2 potions of ambrosia
 M - a potion of resistance
 N - a potion of enlightenment


   Skills:
 + Level 5.2 Fighting
 + Level 0.6 Axes
 + Level 1.9 Armour
 + Level 7.7 Dodging
 + Level 5.5 Stealth
 + Level 3.6 Shields
 * Level 21.6 Unarmed Combat
 + Level 1.7 Evocations
 * Level 9.2 Shapeshifting


You had 14 spell levels left.
You didn't know any spells.
Your spell library contained the following spells:

 Spells                   Type           Power      Damage    Failure   Level
 Apportation              Tloc           0%         N/A       41%         1
 Freeze                   Ice            0%         1d3       41%         1
 Necrotise                Necr           0%         1d4       41%         1
 Slow                     Hex            0%         N/A       41%         1
 Jinxbite                 Hex            0%         N/A       54%         2
 Scorch                   Fire           0%         2d5       54%         2
 Sublimation of Blood     Necr           0%         N/A       54%         2
 Confusing Touch          Hex            0%         N/A       78%         3
 Frozen Ramparts          Ice            0%         1d1       78%         3
 Gell's Gravitas          Tloc           0%         N/A       78%         3
 Hailstorm                Conj/Ice       0%         3d5       78%         3
 Inner Flame              Hex/Fire       0%         N/A       78%         3
 Ozocubu's Armour         Ice            0%         N/A       78%         3
 Sigil of Binding         Hex            0%         N/A       78%         3
 Teleport Other           Tloc           0%         N/A       78%         3
 Tukima's Dance           Hex            0%         N/A       78%         3
 Vampiric Draining        Necr           0%         2d6       78%         3
 Animate Armour           Summ/Erth      0%         N/A       99%         4
 Animate Dead             Necr           0%         N/A       99%         4
 Dimensional Bullseye     Hex/Tloc       0%         N/A       99%         4
 Flame Wave               Conj/Fire      0%         2d4       99%         4
 Iskenderun's Mystic Bla  Conj/Tloc      0%         2d3       99%         4
 Petrify                  Tmut/Erth      0%         N/A       99%         4
 Sticky Flame             Conj/Fire      0%         2d3       99%         4
 Summon Lightning Spire   Summ/Air       0%         N/A       99%         4
 Agony                    Necr           0%         N/A       100%        5
 Alistair's Intoxication  Tmut/Pois      0%         N/A       100%        5
 Irradiate                Conj/Tmut      0%         3d11      100%        5
 Lee's Rapid Deconstruct  Erth           0%         3d4*      100%        5
 Dispersal                Tloc           0%         N/A       100%        6
 Summon Cactus Giant      Summ           0%         N/A       100%        6
 Haunt                    Necr/Summ      0%         N/A       100%        7
 Ozocubu's Refrigeration  Ice            0%         4d7       100%        7
 Borgnjor's Revivificati  Necr           0%         N/A       100%        8
 Infestation              Necr           0%         N/A       100%        8
 Death's Door             Necr           0%         N/A       100%        9


Dungeon Overview and Level Annotations

Branches:
Dungeon (14/15)            Temple (0/1) D:7            Lair (5/5) D:10
 Shoals (0/4) Lair:3        Snake (0/4) Lair:2        Slime (0/5) Lair:4
    Orc (2/2) D:10            Elf (0/3) Orc:2        Vaults (0/5) D:14
Ossuary (visited)          Bailey (visited)

Altars:
Cheibriados
Nemelex Xobeh
Trog
Vehumet
Xom
Jiyva

Shops:
D:6 :   D:8 [   Orc:1 :   Orc:2 [![*

Annotations:
D:6 3 runed translucent doors, PanSaczeczos's ghost, novice SpWn
D:9 2 transporters, crawlacc's ghost, novice MiFi


Innate Abilities, Weirdness & Mutations

You are a hulking beast.
Your limbs bulge with bestial killing power. (Slay +4)
You are too large for most types of armour.
You have claws for hands.
Your natural rate of healing is unusually fast.
You are covered in fur. (AC +1)
You have tough skin. (AC +1)
You have supernaturally acute eyesight. (SInv)
Your system is resistant to poisons. (rPois)
You are weak. (Str -2)
Your movements are slightly less encumbered by armour. (ER -2)
You passively dampen the noise of your surroundings.


Message History

You block the freezing wraith's attack.
You eviscerate the freezing wraith!!!
You destroy the freezing wraith!
Okay, then.
Unknown command.
The seven-headed hydra bites you.
The seven-headed hydra closely misses you.
The seven-headed hydra bites you.
You block the seven-headed hydra's attack.
The seven-headed hydra bites you.
The seven-headed hydra barely misses you.
The seven-headed hydra bites you!
You see here 15 gold pieces.
You rip one of the seven-headed hydra's heads off!
The six-headed hydra grows two more!
You mangle the eight-headed hydra!!
The eight-headed hydra is moderately wounded.
The eight-headed hydra bites you. x3
The eight-headed hydra barely misses you.
The eight-headed hydra misses you. The eight-headed hydra bites you!
The eight-headed hydra barely misses you.
The eight-headed hydra bites you but does no damage.
You rip one of the eight-headed hydra's heads off!
The seven-headed hydra grows two more!
You scratch the nine-headed hydra.
The nine-headed hydra is moderately wounded.
Unknown command.
You rip one of the nine-headed hydra's heads off!
The eight-headed hydra grows two more!
You eviscerate the ten-headed hydra!!!
The ten-headed hydra is severely wounded.
The ten-headed hydra bites you.
You block the ten-headed hydra's attack.
The ten-headed hydra bites you! x2
* * * LOW HITPOINT WARNING * * *
The ten-headed hydra misses you. The ten-headed hydra bites you!
* * * LOW HITPOINT WARNING * * *
The ten-headed hydra closely misses you.
The ten-headed hydra bites you but does no damage.
The ten-headed hydra bites you!
* * * LOW HITPOINT WARNING * * *
The ten-headed hydra bites you!
You die...

..=.(....### ####...#..........
.........#u:#++#$.#...#..........
#####....#(#....#[#####..........
# #....##......##.............. #
#.....+......+........###.... #
#.....+......+...##..####.### #
#....##......##..###..##...## #
#..###?#...D#)#..# #....._.#. #
#..# #.!#''#h.#..# #...#.....
#####..# ####..####..# #..####...
.......# #....#....# #...###...
.......# #....#....###.........
.......# #....#................
.......# #...##....######..####
###....# #...#.....# #..#
..#....# #..##.....# #..#
..#....#####[.#......# #..#


You could see a ten-headed hydra and a white ugly thing (asleep).

Vanquished Creatures
  A tengu reaver (D:12)
  Kirke (Lair:5)
  Nessos (Orc:2)
  A dire elephant (Lair:5)
  2 hydras
  2 catoblepae
  3 centaur warriors
  8 boulder beetles
  4 two-headed ogres
  8 death yaks
  A tengu warrior (D:13)
  A deep troll shaman (Lair:5)
  3 orc high priests (Orc:2)
  Sonja (Lair:5)
  A skyshark (Lair:2)
  A skeletal warrior (D:12)
  A steelbarb worm (D:12)
  9 ugly things
  Pikel (D:5)
  4 manticores
  2 oklob plants (Lair:3)
  3 orc sorcerers (Orc:2)
  7 orc knights
  8 cyclopes
  A salamander (Lair:2)
  5 kobold blastminers
  A merfolk siren (Lair:3)
  5 black mambas
  10 elephants
  5 gargoyles
  A guardian serpent (shapeshifter) (D:12)
  2 unseen horrors
  A torpor snail (Lair:2)
  14 cane toads
  2 rime drakes
  An efreet (D:13)
  A rime drake (shapeshifter) (D:14)
  A freezing wraith (D:14)
  2 kobold demonologists (D:12)
  2 tengu conjurers
  10 komodo dragons
  A meliai (shapeshifter) (D:14)
  6 trolls
  A queen bee (shapeshifter) (D:13)
  3 merfolk (Lair:3)
  4 polar bears
  14 blink frogs
  Sigmund (D:4)
  15 slime creatures
  5 vampires
  A shadow (D:12)
  A water elemental (D:12)
  31 yaks
  A wyvern (shapeshifter) (D:14)
  4 wraiths
  6 wyverns
  A fire bat (D:10)
  2 steam dragons
  5 basilisks
  3 hogs (Lair:5)
  4 vampire mosquitoes (D:12)
  3 wargs
  2 nagas (Lair:2)
  2 acid dragons
  12 water moccasins
  19 orc warriors
  An ice beast (D:7)
  2 black bears
  4 ogres
  6 boggarts
  11 centaurs
  A crocodile (shapeshifter) (D:13)
  39 wolves
  A lemure (D:5)
  11 gnoll sergeants
  6 kobold brigands
  13 bullfrogs
  13 wights
  14 killer bees
  12 howler monkeys
  4 electric eels
  6 hounds
  18 orc priests
  5 jellies
  6 gnoll boudas (Bailey)
  7 hell rats (Lair:5)
  3 iguanas
  20 orc wizards
  A mummy (Ossuary)
  16 gnolls
  4 adders
  A white imp (D:7)
  2 ufetubi (D:5)
  3 worms
  2 dart slugs
  56 orcs
  8 ball pythons
  7 endoplasms
  2 giant cockroaches
  3 goblins
  6 hobgoblins
  4 jackals (D:3)
  23 kobolds
  7 quokkas
  6 bats
  4 frilled lizards
  10 gnoll skeletons (Ossuary)
  A goblin zombie (D:5)
  5 kobold skeletons (Ossuary)
  10 orc skeletons (Ossuary)
  6 rats
  A rat zombie (D:5)
676 creatures vanquished.

Vanquished Creatures (collateral kills)
  A hydra (Lair:4)
  A two-headed ogre (D:9)
  A death yak (Lair:4)
  A komodo dragon (Lair:4)
  An orc warrior (Orc:1)
  A phantom (D:7)
  A howler monkey (D:10)
  An orc priest (Orc:1)
  An orc wizard (Orc:1)
  A gnoll (D:10)
  An orc (Orc:1)
  A kobold (D:10)
12 creatures vanquished.

Vanquished Creatures (others)
  A yak (D:11)
  A wyvern (Lair:5)
  An orc (Orc:2)
  2 kobolds (D:10)
5 creatures vanquished.

Grand Total: 693 creatures vanquished

Notes
Turn   | Place    | Note
-------+----------+-------------------------------------------
     0 | D:1      | Inarius the Troll Chaos Knight began the quest for the Orb.
     0 | D:1      | Reached XP level 1. HP: 22/22 MP: 0/0
   224 | D:1      | Reached XP level 2. HP: 29/29 MP: 1/1
   453 | D:1      | XOM is BORED!
   453 | D:1      | XOM: silly message
   638 | D:2      | XOM: give mutations
   638 | D:2      | Gained mutation: You are partially covered in iridescent
                  | scales. (AC +2) [Xom's grace]
   638 | D:2      | Gained mutation: You passively dampen the noise of your
                  | surroundings. [Xom's grace]
   638 | D:2      | Gained mutation: You are mostly covered in iridescent
                  | scales. (AC +4) [Xom's grace]
   673 | D:2      | XOM: snakes to sticks
   689 | D:2      | Reached XP level 3. HP: 36/36 MP: 2/2
   744 | D:2      | Reached skill level 4 in Unarmed Combat
  1476 | D:3      | Reached XP level 4. HP: 44/44 MP: 3/3
  2023 | D:4      | Noticed Sigmund
  2049 | D:5      | Entered Level 5 of the Dungeon
  2076 | D:4      | XOM: divination: magic mapping
  2159 | D:5      | Reached skill level 5 in Unarmed Combat
  2159 | D:5      | Reached XP level 5. HP: 50/50 MP: 4/4
  2216 | D:5      | Noticed a lemure
  2216 | D:5      | Noticed a lemure
  2218 | D:5      | Noticed Pikel
  2218 | D:5      | XOM: potion effect (invisibility)
  2227 | D:5      | Noticed a lemure
  2228 | D:5      | Noticed a lemure
  2239 | D:5      | Killed a lemure
  2239 | D:5      | XOM: cast spell 'Call Canine Familiar'
  2244 | D:5      | XOM: scenery: summon butterflies
  2249 | D:5      | Killed Pikel
  2250 | D:5      | Reached skill level 1 in Stealth
  2250 | D:5      | Reached skill level 7 in Unarmed Combat
  2250 | D:5      | Reached XP level 6. HP: 51/59 MP: 5/5
  2250 | D:5      | Reached XP level 7. HP: 57/66 MP: 6/6
  2274 | D:5      | Found a sand-covered staircase.
  2285 | Ossuary  | XOM: noise
  2285 | Ossuary  | Entered an ossuary
  2285 | Ossuary  | Noticed a wraith
  2285 | Ossuary  | Noticed a wraith
  2285 | Ossuary  | Noticed a wraith
  2346 | Ossuary  | Noticed a wraith
  2354 | Ossuary  | Killed a wraith
  2375 | Ossuary  | XOM: 1-stop teleportation journey
  2428 | Ossuary  | XOM is BORED!
  2513 | D:5      | Reached skill level 8 in Unarmed Combat
  2536 | D:5      | XOM: noise
  2544 | D:5      | XOM: summons 1 hostile demon
  2634 | D:5      | XOM: give mutations
  2634 | D:5      | Lost mutation: You are mostly covered in iridescent scales.
                  | (AC +4) [Xom's mischief]
  2634 | D:5      | Gained mutation: You are occasionally teleported next to
                  | monsters. [Xom's mischief]
  2638 | D:5      | XOM: blink monster(s)
  2713 | D:5      | XOM: give mutations
  2713 | D:5      | Lost mutation: You are occasionally teleported next to
                  | monsters. [Xom's mischief]
  2713 | D:5      | Gained mutation: You have a pair of small horns on your
                  | head. [Xom's mischief]
  2790 | D:5      | Identified the +0 robe of Supple Strength {rPois}
  2835 | D:5      | XOM: give mutations
  2835 | D:5      | Gained mutation: Your spells are a little easier to cast,
                  | but a little less powerful. [Xom's mischief]
  2835 | D:5      | Gained mutation: You are clumsy. (Dex -2) [Xom's mischief]
  2835 | D:5      | Gained mutation: Your spells are easier to cast, but less
                  | powerful. [Xom's mischief]
  3096 | D:4      | Killed Sigmund
  3097 | D:4      | Reached XP level 8. HP: 74/74 MP: 7/7
  3201 | D:4      | Found a bloodstained altar of Trog.
  3201 | D:4      | Found a sparkling altar of Nemelex Xobeh.
  3235 | D:4      | Found a snail-covered altar of Cheibriados.
  3262 | D:4      | XOM: 8-stop teleportation journey
  3412 | D:4      | Reached skill level 9 in Unarmed Combat
  3600 | D:4      | XOM: silly message
  3845 | D:6      | XOM: 4-stop teleportation journey
  3855 | D:6      | Found a runed translucent gate.
  3855 | D:6      | Found a runed translucent gate.
  3857 | D:6      | Found a runed translucent gate.
  3858 | D:6      | Noticed PanSaczeczos's ghost (novice SpWn)
  4243 | D:6      | Reached skill level 10 in Unarmed Combat
  4382 | D:6      | XOM: cloud trail
  4461 | D:6      | Found Fouron's Tremendous Tomes.
  4643 | D:6      | XOM: give mutations
  4643 | D:6      | Lost mutation: You have a pair of small horns on your head.
                  | [Xom's mischief]
  4643 | D:6      | Lost mutation: Your spells are easier to cast, but less
                  | powerful. [Xom's mischief]
  4706 | D:7      | Found a staircase to the Ecumenical Temple.
  4735 | D:7      | XOM: noise
  4789 | D:7      | XOM: scenery: summon butterflies
  4821 | D:7      | Reached XP level 9. HP: 61/81 MP: 8/8
  4944 | D:7      | Noticed a cyclops
  4951 | D:7      | Killed a cyclops
  4952 | D:7      | Reached skill level 11 in Unarmed Combat
  4952 | D:7      | Reached skill level 1 in Shapeshifting
  5040 | D:7      | XOM: potion effect (attraction)
  5216 | D:7      | XOM: summons friendly shadow imp
  5519 | D:7      | Reached skill level 12 in Unarmed Combat
  5608 | D:8      | XOM: god gift: +2 rapier of speed
  5683 | D:8      | Found Ufimemur's Antique Armour Emporium.
  5686 | D:8      | Bought a pitted robe for 96 gold pieces
  5686 | D:8      | Identified the +0 robe of Irksome Salvation {Int+6} (You
                  | bought it in a shop on level 8 of the Dungeon)
  5768 | D:8      | Reached XP level 10. HP: 72/91 MP: 9/9
  5850 | D:8      | Found a flagged portal.
  5856 | D:8      | Identified the +2 halberd of Circular Logic {antimagic,
                  | rElec rF+ rC+ Stlth+}
  6064 | Bailey   | Entered a bailey
  6123 | Bailey   | XOM: chaos cloud
  6141 | Bailey   | HP: 1/136 [gnoll sergeant/+0 bardiche (10)]
  6315 | Bailey   | XOM: noise
  6319 | Bailey   | XOM: give mutations
  6319 | Bailey   | Lost mutation: You are clumsy. (Dex -2) [Xom's mischief]
  6319 | Bailey   | Gained mutation: You have a somewhat thin skeletal
                  | structure. (Dex +2, Stealth+) [Xom's mischief]
  6501 | Bailey   | XOM: potion effect (haste)
  6527 | Bailey   | Reached skill level 13 in Unarmed Combat
  6532 | Bailey   | XOM: cleaving
  6542 | Bailey   | XOM: scenery: 1 doors close
  6547 | Bailey   | Reached skill level 1 in Evocations
  6713 | Bailey   | XOM: stat loss: -1 Dex (10/11)
  6811 | D:9      | XOM: god gift: scale mail {god gift}
  6882 | D:9      | XOM: fog
  6954 | D:9      | Noticed a two-headed ogre
  6962 | D:9      | XOM: summons 10 friendly demons
  6968 | D:9      | Killed a two-headed ogre
  7029 | D:9      | Found a transporter.
  7029 | D:9      | Found a transporter.
  7029 | D:9      | Noticed a two-headed ogre
  7029 | D:9      | XOM: 9-stop teleportation journey
  7036 | D:9      | Noticed a moth of wrath
  7049 | D:9      | Found a bloodstained altar of Trog.
  7054 | D:9      | Noticed crawlacc's ghost (novice MiFi)
  7060 | D:9      | Noticed a tengu warrior
  7226 | D:9      | XOM: summons friendly iron imp
  7295 | D:8      | XOM: summons 2 hostile shadow creatures
  7401 | D:9      | Reached skill level 14 in Unarmed Combat
  7404 | D:9      | Reached XP level 11. HP: 88/98 MP: 10/10
  7476 | D:10     | Entered Level 10 of the Dungeon
  7542 | D:10     | XOM: divination: detect items
  7610 | D:10     | XOM: god gift: 26 gold pieces
  7635 | D:10     | Identified a scroll of acquirement
  7635 | D:10     | Acquired the +2 hat "Xequner" {rCorr MP+9 Int+2}
  7712 | D:10     | Noticed a two-headed ogre
  7721 | D:10     | XOM: summons friendly white imp
  7727 | D:10     | Killed a two-headed ogre
  7868 | D:10     | Reached skill level 5 in Dodging
  7967 | D:10     | Found a staircase to the Lair.
  8225 | D:10     | XOM: scenery: create altars
  8253 | D:10     | Found a staircase to the Orcish Mines.
  8449 | D:11     | Noticed a centaur warrior
  8458 | D:11     | Killed a centaur warrior
  8608 | D:11     | Reached skill level 15 in Unarmed Combat
  8706 | D:11     | Identified the +1 shortbow of Hacking and Slashing {elec,
                  | MP-9 Str-3 Int+4 SInv}
  8767 | D:11     | XOM: divine lightning
  8779 | D:11     | XOM: 3-stop teleportation journey
  8862 | D:11     | XOM: confuse monster(s)
  8916 | D:11     | Reached skill level 5 in Shapeshifting
  9247 | D:11     | XOM: polymorph kobold demonologist -> frilled lizard
  9286 | Lair:1   | Entered Level 1 of the Lair of Beasts
  9297 | Lair:1   | XOM: scenery: 2 doors open
  9381 | Lair:1   | Noticed a catoblepas
  9555 | Lair:1   | Killed a catoblepas
  9576 | Lair:1   | XOM: confusion (+ monsters)
  9618 | Lair:1   | Reached XP level 12. HP: 99/107 MP: 11/11
  9758 | D:10     | XOM: confuse monster(s)
  9760 | D:10     | Reached skill level 1 in Shields
  9760 | D:10     | Reached skill level 16 in Unarmed Combat
  9769 | D:10     | XOM: polymorph komodo dragon -> fire bat
  9788 | Lair:1   | XOM is BORED!
  9788 | Lair:1   | XOM: 3-stop teleportation journey
  9894 | Lair:1   | XOM: god gift: chain mail {god gift}
  9994 | Lair:1   | XOM: enchant monster (good)
 10300 | Lair:1   | XOM: stat loss: -1 Dex (10/11)
 10329 | Lair:2   | Noticed a boulder beetle
 10346 | Lair:2   | Killed a boulder beetle
 10404 | Lair:2   | XOM is BORED!
 10549 | Lair:2   | XOM: scenery: create altars
 10750 | Lair:2   | Reached skill level 17 in Unarmed Combat
 10840 | Lair:2   | Found a staircase to the Snake Pit.
 10843 | Lair:2   | XOM: fog
 10938 | Lair:2   | XOM: polymorph wolf -> frilled lizard
 11018 | Lair:2   | Noticed a death yak
 11026 | Lair:2   | Killed a death yak
 11263 | Lair:3   | XOM: fake destruction
 11412 | Lair:3   | Reached XP level 13. HP: 85/117 MP: 12/12
 11478 | Lair:3   | XOM: scenery: create altars
 11600 | Lair:3   | XOM: potion effect (heal wounds)
 11605 | Lair:3   | XOM: potion effect (invisibility)
 11705 | Lair:3   | Found a staircase to the Shoals.
 11852 | Lair:3   | XOM: noise
 12031 | Lair:3   | XOM: potion effect (haste)
 12036 | Lair:3   | XOM: potion effect (heal wounds)
 12040 | Lair:3   | XOM: potion effect (invisibility)
 12048 | Lair:3   | XOM: silly message
 12331 | Lair:3   | XOM: divination: magic mapping
 12358 | Lair:3   | Reached skill level 18 in Unarmed Combat
 13013 | Lair:4   | XOM: cast spell 'Summon Dragon'
 13103 | Lair:4   | Found a viscous altar of Jiyva.
 13103 | Lair:4   | Found a staircase to the Slime Pits.
 13103 | Lair:4   | XOM: 6-stop teleportation journey
 13313 | Lair:5   | Entered Level 5 of the Lair of Beasts
 13354 | Lair:5   | XOM: polymorph wolf -> dart slug
 13366 | Lair:5   | XOM: enchant monster (good)
 13371 | Lair:5   | Noticed Sonja
 13584 | Lair:5   | XOM: summons friendly shadow imp
 13632 | Lair:5   | XOM: scenery: create altars
 13702 | Lair:5   | XOM: cleaving
 13721 | Lair:5   | Noticed Kirke
 13721 | Lair:5   | XOM: 7-stop teleportation journey
 13785 | Lair:5   | XOM: potion effect (brilliance)
 13807 | Lair:5   | XOM: summons 2 friendly demons
 13819 | Lair:5   | Killed Sonja
 13820 | Lair:5   | Reached skill level 1 in Armour
 13948 | Lair:5   | Reached skill level 19 in Unarmed Combat
 14083 | Lair:5   | XOM: enchant monster (bad)
 14088 | Lair:5   | XOM: divination: detect creatures
 14095 | Lair:5   | XOM: polymorph something unseen -> wyvern
 14231 | Lair:5   | Killed Kirke
 14232 | Lair:5   | Reached XP level 14. HP: 124/124 MP: 13/13
 14455 | Lair:5   | XOM: cast spell 'Summon Ice Beast'
 14457 | Lair:5   | XOM: potion effect (brilliance)
 14458 | Lair:5   | XOM: enchant monster (good)
 14471 | Lair:5   | XOM: noise
 14482 | Lair:5   | XOM: potion effect (heal wounds)
 14499 | Lair:5   | XOM: silly message
 14598 | Lair:5   | Reached skill level 5 in Stealth
 14851 | Orc:1    | Entered Level 1 of the Orcish Mines
 14911 | Orc:1    | Found Mathas Acad's Book Emporium.
 15000 | Orc:1    | XOM: 3-stop teleportation journey
 15124 | Orc:1    | XOM: summons 2 friendly demons
 15142 | Orc:1    | XOM: summons 2 friendly demons
 15331 | Orc:2    | Entered Level 2 of the Orcish Mines
 15331 | Orc:2    | Found a staircase to the Elven Halls.
 15597 | Orc:2    | XOM: give mutations
 15597 | Orc:2    | Gained mutation: You have a pair of small horns on your
                  | head. [Xom's grace]
 15597 | Orc:2    | Gained mutation: You have sharp toenails. [Xom's grace]
 15597 | Orc:2    | Lost mutation: You have sharp toenails. [Xom's grace]
 15597 | Orc:2    | Gained mutation: You have large cloven feet. [Xom's grace]
 15597 | Orc:2    | Gained mutation: Your movements are slightly less
                  | encumbered by armour. (ER -2) [Xom's grace]
 15686 | Orc:2    | XOM: summons friendly quasit
 15715 | Orc:2    | XOM: summons friendly crimson imp
 16063 | Orc:2    | XOM: give mutations
 16063 | Orc:2    | Gained mutation: You have a pair of horns on your head.
                  | [Xom's grace]
 16063 | Orc:2    | Gained mutation: You are agile. (Dex +4, Str/Int -1) [Xom's
                  | grace]
 16084 | Orc:2    | Noticed Nessos
 16092 | Orc:2    | Killed Nessos
 16114 | Orc:2    | Found a radiant altar of Vehumet.
 16162 | Orc:2    | XOM: cast spell 'Summon Small Mammal'
 16236 | Orc:2    | XOM: confuse monster(s)
 16252 | Orc:2    | Reached skill level 20 in Unarmed Combat
 16261 | Orc:2    | XOM: blink monster(s)
 16266 | Orc:2    | Found Kemour's Distillery.
 16266 | Orc:2    | Found Cudun's Antique Armour Emporium.
 16270 | Orc:2    | Found Leepaluph's Assorted Antiques.
 16270 | Orc:2    | Found Qixac's Armour Emporium.
 16280 | Orc:2    | Bought a potion of mutation for 280 gold pieces
 16280 | Orc:2    | Bought a scintillating bronze ring for 175 gold pieces
 16280 | Orc:2    | Identified the ring "Bobbogiu" {+Blink rF- Will++ Dex+3
                  | SInv} (You bought it in a shop on level 2 of the Orcish
                  | Mines)
 16284 | Orc:2    | Bought a potion of curing for 36 gold pieces
 16284 | Orc:2    | Bought a potion of heal wounds for 60 gold pieces
 16284 | Orc:2    | Bought a potion of curing for 36 gold pieces
 16293 | Orc:2    | Bought a scroll of identify for 70 gold pieces
 16550 | D:12     | XOM: give mutations
 16550 | D:12     | Lost mutation: You have a somewhat thin skeletal structure.
                  | (Dex +2, Stealth+) [Xom's mischief]
 16550 | D:12     | Lost mutation: You are agile. (Dex +4, Str/Int -1) [Xom's
                  | mischief]
 16550 | D:12     | Lost mutation: You are partially covered in iridescent
                  | scales. (AC +2) [Xom's mischief]
 16560 | D:12     | XOM: 6-stop teleportation journey
 16563 | D:12     | XOM: enchant monster (bad)
 16632 | D:12     | XOM: potion effect (might)
 16808 | D:12     | XOM: silly message
 16870 | D:12     | XOM: potion effect (haste)
 16898 | D:12     | XOM: silly message
 16965 | D:12     | XOM: give mutations
 16965 | D:12     | Lost mutation: You have large cloven feet. [Xom's mischief]
 16965 | D:12     | Gained mutation: You are weak. (Str -2) [Xom's mischief]
 16995 | D:12     | XOM: cast spell 'Monstrous Menagerie'
 17182 | D:12     | XOM: confuse monster(s)
 17189 | D:12     | Reached skill level 5 in Fighting
 17358 | D:12     | Reached XP level 15. HP: 83/133 MP: 14/14
 17385 | D:12     | HP: 2/133 [boulder beetle (20)]
 17550 | D:12     | XOM: summons friendly iron imp
 17553 | D:12     | XOM: noise
 17586 | D:12     | XOM: cast spell 'Olgreb's Toxic Radiance'
 17629 | D:12     | XOM: noise
 17688 | D:12     | Noticed a tengu reaver
 17692 | D:12     | XOM: swap monsters
 17695 | D:12     | XOM: chaos upgrade
 17701 | D:12     | Killed a tengu reaver
 17702 | D:12     | Reached skill level 21 in Unarmed Combat
 17812 | D:12     | XOM: polymorph boulder beetle -> steelbarb worm
 17817 | D:12     | XOM: summons 2 friendly demons
 18064 | D:12     | XOM: give mutations
 18064 | D:12     | Lost mutation: You have a pair of horns on your head.
                  | [Xom's mischief]
 18064 | D:12     | Gained mutation: You have supernaturally acute eyesight.
                  | (SInv) [Xom's mischief]
 18064 | D:12     | Lost mutation: You have a pair of small horns on your head.
                  | [Xom's mischief]
 18855 | D:13     | XOM: summons 8 friendly demons
 18928 | D:13     | XOM: give mutations
 18928 | D:13     | Gained mutation: Your system is resistant to poisons.
                  | (rPois) [Xom's mischief]
 18928 | D:13     | Lost mutation: Your spells are a little easier to cast, but
                  | a little less powerful. [Xom's mischief]
 19000 | D:14     | Found a gate to the Vaults.
 19140 | D:14     | XOM: summons friendly crimson imp
 19214 | D:14     | Found a bloodstained altar of Trog.
 19286 | D:14     | XOM: potion effect (invisibility)
 19377 | D:14     | Slain by a ten-headed hydra

Illustrated notes

Levels and vault maps discovered:
D:1:      tarquinn_simple_flora_water_c, layout_basic
D:2:      layout_basic
D:3:      layout_rooms
D:4:      cheibrodos_thug_alley, layout_loops_cross,
          mainiacjoe_overflow_surrounded_room,
          mainiacjoe_overflow_large_starburst, kennysheep_generic_room_11,
          uniq_sigmund
D:5:      layout_loops_ring, enter_ossuary_4, uniq_pikel
D:6:      layout_layer_cave, ebering_ghost_rock_garden, dk_noncrumbling_4,
          nicolae_shop_i_like_big_books, minmay_misc_feat_diagonals
D:7:      layout_loops_ring, minmay_temple_entry_glassed_door
D:8:      layout_cave_pools, enter_bailey_2, serial_shops, kennysheep_mini_moat
D:9:      layout_cave_pools, gammafunk_ghost_wrathful_warriors
D:10:     layout_cave_pools, erik_lair_island, david_orc_4
D:11:     layout_irregular_city, nicolae_titane
D:12:     nzn_winding_woodlands_huge [nzn_winding_woodlands_5x15_lazy_stream,
          nzn_winding_woodlands_5x15_pool, nzn_winding_woodlands_5x15_parted,
          nzn_winding_woodlands_5x15_concentric,
          nzn_winding_woodlands_5x15_twine,
          nzn_winding_woodlands_5x15_longhouse,
          nzn_winding_woodlands_5x15_default, nzn_winding_woodlands_5x15_eye,
          nzn_winding_woodlands_5x15_default,
          nzn_winding_woodlands_5x15_river_crossing,
          nzn_winding_woodlands_center_garden,
          nzn_winding_woodlands_center_triple_pond,
          nzn_winding_woodlands_15x15_five_gardens], layout_rooms,
          serial_curves, eino_curves_04, eino_curves_03, eino_curves_01,
          eino_curves_02, chequers_serial_rivers_room_b
D:13:     layout_grid_maze, minmay_misc_feat_cross, minivault_19
D:14:     layout_irregular_city, david_vaults_2, trog_three_pillars_becter,
          lightli_fourway_metalbox
Lair:1:   layout_long_grid, grunt_megastairs_4
Lair:2:   layout_chaotic_city, alex1729_snake_entry_snake
Lair:3:   minmay_lair_oklob_chamber, layout_small_grid,
          elwin_shoals_entry_stream
Lair:4:   layout_cave_pods, slime_entry_2, chequers_serial_rivers_small_a,
          nicolae_quartered_pool_little, beast_lair_carwin_3
Lair:5:   grunt_lair_end_beastmaster, layout_small_grid, uniq_sonja, uniq_kirke
Orc:1:    layout_diamond_mine, basic_altar, serial_shops, shop
Orc:2:    grunt_orc_tribal_feast, layout_caves, lemuel_statue_altar,
          nicolae_orc_lava_room, uniq_nessos

Skill      XL: |  1  2  3  4  5  6  7  8  9 10 11 12 13 14 15 |
---------------+----------------------------------------------+-----
Dodging        | 2 3 4 5 6 7 |  7.7
Unarmed Combat | 4 5 7 8 10 12 14 15 17 19 20 21 | 21.6
Stealth        | 1 2 3 4 5 |  5.5
Fighting       | 3 4 5 |  5.2
Shapeshifting  | 2 4 5 6 7 8 9 |  9.2
Evocations     | 1 |  1.7
Shields        | 2 3 |  3.6
Armour         | 1 |  1.9
Axes           | |  0.6

Action                     |  1- 3 |  4- 6 |  7- 9 | 10-12 | 13-15 || total
---------------------------+-------+-------+-------+-------+-------++-------
  Melee: Unarmed           |    89 |    86 |   243 |   630 |   831 ||  1879
         Punch             |     2 |     2 |    10 |    50 |    79 ||   143
         Headbutt          |       |       |     9 |       |    56 ||    65
         Hand axe          |       |       |       |       |    12 ||    12
         Kick              |       |       |       |       |    42 ||    42
         Maw               |       |       |       |       |    17 ||    17
         Constrict         |       |       |       |       |     2 ||     2
  Evoke: Wand              |       |       |       |    24 |    17 ||    41
    Use: Scroll            |       |     2 |     7 |     5 |    18 ||    32
         Potion            |       |       |       |     4 |     2 ||     6
   Stab: Sleeping          |     5 |     1 |     7 |    11 |    15 ||    39
         Invisible         |       |     3 |       |       |     6 ||     9
         Distracted        |       |       |     1 |     2 |     2 ||     5
         Confused          |       |       |       |     2 |     4 ||     6
         Paralysed         |       |       |       |       |     3 ||     3
         Petrified         |       |       |       |       |    12 ||    12
 Armour: Robe              |    37 |    50 |   145 |   372 |   115 ||   719
         Skin              |       |       |       |    22 |    35 ||    57
         Acid dragon scale |       |       |       |    11 |   101 ||   112
         Troll leather arm |       |       |       |       |   240 ||   240
  Dodge: Dodged            |    34 |    40 |   115 |   524 |   469 ||  1182
  Block: Other             |       |       |       |    67 |   138 ||   205
         Reflection        |       |       |       |     1 |    13 ||    14
   Form: Beast             |       |       |       |       |     3 ||     3
                           |       |       |       |       |     2 ||     2
         Serpent           |       |       |       |       |     2 ||     2
         Maw               |       |       |       |       |     1 ||     1

Table legend: (Time is in decaauts)
 A = Elapsed time spent in this place.
 B = Non-inter-level travel time spent in this place.
 C = Inter-level travel time spent in this place.
 D = Time resting spent in this place.
 E = Time spent auto-exploring this place.
 F = Levels seen in this place.
 G = Mean time per level.
                   A        B        C        D        E       F      G
               +--------+--------+--------+--------+--------+-----+--------+
         Total |  18828 |  17762 |   1066 |   1201 |  11860 |  23 |  818.6 |
       Dungeon |  11364 |  10569 |    795 |    587 |   7421 |  14 |  811.7 |
          Lair |   5161 |   4988 |    173 |    360 |   3358 |   5 | 1032.2 |
  Orcish Mines |   1491 |   1393 |     98 |    130 |    801 |   2 |  745.5 |
       Ossuary |    196 |    196 |      0 |      0 |     88 |   1 |  196.0 |
        Bailey |    614 |    614 |      0 |    124 |    192 |   1 |  614.0 |
               +--------+--------+--------+--------+--------+-----+--------+

Top non-repeatable levels by time:
    D:12: 1640 daAuts
  Lair:5: 1302 daAuts
  Lair:3: 1094 daAuts
     D:6: 1035 daAuts
    D:10: 1031 daAuts
  Lair:4: 1000 daAuts
     D:7: 953 daAuts
   Orc:2: 934 daAuts
  Lair:2: 897 daAuts
  Lair:1: 866 daAuts
     D:2: 841 daAuts
    D:11: 823 daAuts
     D:5: 807 daAuts
     D:4: 748 daAuts
    D:13: 733 daAuts
